 Dungeon Crawl Stone Soup version 0.17-a0-1769-g54adf96 (webtiles) character file.

130 ololoev the Charmwright (level 4, -1/36 HPs)
             Began as a Draconian Skald on Sept 7, 2015.
             Was an Initiate of Nemelex Xobeh.
             Slain by an orc
             ... wielding a +0 trident
              (7 damage)
             ... on level 3 of the Dungeon.
             The game lasted 00:05:21 (2131 turns).

ololoev the Charmwright (Draconian Skald)           Turns: 2131, Time: 00:05:21

Health: -1/36      AC:  6    Str: 15    XL:     4   Next: 89%
Magic:  16/16      EV: 12    Int: 12    God:    Nemelex Xobeh [......]
Gold:   85         SH:  0    Dex: 11    Spells: 3 memorised, 2 levels left

rFire  . . .     SeeInvis .     a - +0 spear
rCold  . . .     Clarity  .     (armour unavailable)
rNeg   . . .     SustAt   .     (no shield)
rPois  .         Gourm    .     (helmet restricted)
rElec  .         Spirit   .     (no cloak)
rCorr  .         Warding  .     (no gloves)
rMut   .         Stasis   .     o - +0 pair of boots
MR     .....                    (no amulet)
Stlth  +.........               n - ring of wizardry (curse)
                                m - ring of magical power

@: not resistant to hostile enchantments, very unstealthy
A: unfitting armour, cold-blooded, AC +5
a: Renounce Religion


Innate Abilities, Weirdness & Mutations

Your plain brown scales are hard (AC +5).
Your body does not fit into most forms of armour.
You are cold-blooded and may be slowed by cold attacks.

Inventory:

Hand weapons
 a - a +0 spear (weapon)
Armour
 o - a +0 pair of boots (worn)
Jewellery
 m - a ring of magical power (left hand)
 n - a cursed ring of wizardry (right hand)
Scrolls
 e - 3 scrolls of identify {unknown}
 g - a scroll of blinking {unknown}
 h - 2 scrolls of teleportation {unknown}
 j - a scroll of remove curse {unknown}
 k - a scroll of fog {unknown}
 q - a scroll of enchant weapon {unknown}
Potions
 d - a potion of curing
 f - a potion of invisibility {unknown}
 i - a potion of heal wounds {unknown}
Books
 b - a book of Battle

   Spells                             Type                      Level
   a - Infusion                       Charms                       1
   b - Shroud of Golubria             Charms/Translocation         2
   c - Song of Slaying                Charms                       2
   d - Spectral Weapon                Hexes/Charms                 3
   e - Regeneration                   Charms/Necromancy            3
Miscellaneous
 r - a plain deck of escape {drawn: 2}
Comestibles
 c - a bread ration
 l - 2 meat rations
 p - 11 chunks of flesh


   Skills:
 - Level 2.1 Fighting
 * Level 3.4 Polearms
 - Level 1.3 Dodging
 + Level 2.5 Spellcasting
 * Level 4.0 Charms


You had 2 spell levels left.
You knew the following spells:

 Your Spells              Type           Power        Failure   Level  Hunger
a - Infusion              Chrm           ##....       2%          1    #......
b - Song of Slaying       Chrm           ##......     4%          2    ###....
c - Regeneration          Chrm/Necr      #.........   14%         3    ###....


You were on level 3 of the Dungeon.
You worshipped Nemelex Xobeh.
Nemelex Xobeh was noncommittal.
You were hungry.

You visited 1 branch of the dungeon, and saw 3 of its levels.

You collected 85 gold pieces.

#.# #.# #
##.####.##
######.........
........)..#
#รท# ###o# #
#..)##.####
#.####..o@.....#
#......####.##.#
#..###..### #
... #....# .
#..###..#.##.#
#............#
#.##..#<#.####
#......#
#.##.###

Notes
Turn   | Place    | Note
--------------------------------------------------------------
     0 | D:1      | ololoev the Draconian Skald began the quest for the Orb.
     0 | D:1      | Reached XP level 1. HP: 17/17 MP: 3/3
    95 | D:1      | Reached XP level 2. HP: 21/24 MP: 5/5
    99 | D:1      | Reached skill level 3 in Charms
   104 | D:1      | Learned a level 2 spell: Song of Slaying
   890 | D:2      | Reached XP level 3. HP: 29/29 MP: 6/6
  1473 | D:2      | Reached XP level 4. HP: 32/36 MP: 7/7
  1850 | D:2      | Found a sparkling altar of Nemelex Xobeh.
  1974 | D:2      | Became a worshipper of Nemelex Xobeh the Trickster
  2033 | D:2      | Learned a level 3 spell: Regeneration
  2073 | D:3      | Received a gift from Nemelex Xobeh
  2127 | D:3      | Reached skill level 4 in Charms
  2131 | D:3      | Slain by an orc

Dungeon Overview and Level Annotations

Branches:
Dungeon (3/15)

Altars:
Nemelex Xobeh


Message History

The orc wizard hits you but does no damage.
The orc barely misses you.
You hit the orc wizard.
The orc wizard is severely wounded.
The orc hits you from afar with a trident.
The orc wizard hits you but does no damage.
The orc hits you but does no damage.
You hit the orc wizard.
The orc wizard is almost dead.
The orc wizard barely misses you. The orc hits you but does no damage.
The orc misses you.
Evoke which item? (* to show all) (? for menu, Esc to quit)
You draw a card...
It is the Tomb.
Nothing appears to happen.
The orc wizard barely misses you. The orc hits you but does no damage.
The orc closely misses you.
Evoke which item? (* to show all) (? for menu, Esc to quit)
You draw a card...
It is the Elixir.
The orc wizard gestures at you while chanting.
You resist with some effort. The orc closely misses you.
The orc hits you from afar with a trident!
Drink which item? (? for menu, Esc to quit)
It was a potion of curing.
You feel better.
The orc wizard hits you but does no damage.
The orc hits you but does no damage.
The orc hits you from afar with a trident.
You hit the orc wizard.
You kill the orc wizard!
Your Charms skill increases to level 4!
Your life force feels restored.
The orc hits you but does no damage.
You hit the orc but do no damage. The orc barely misses you.
The orc barely misses you.
You closely miss the orc.
The orc hits you from afar with a trident!
The orc hits you but does no damage.
You barely miss the orc. The orc completely misses you.
The orc closely misses you.
The orc hits you from afar with a trident!
You die...
Your body disappears without a glow.

You could see 2 orcs.

Vanquished Creatures
  An orc wizard (D:3)
  4 gnolls (D:2)
  3 worms (D:2)
  2 orcs (D:3)
  2 bats
  6 hobgoblins
  6 jackals
  2 kobolds (D:2)
  2 quokkas (D:2)
  7 giant cockroaches
  4 giant newts
  6 goblins
  14 rats
59 creatures vanquished.

Action                   |  1- 3 |  4- 6 || total
-------------------------+-------+-------++-------
Melee: Spear             |   155 |    57 ||   212
 Cast: Infusion          |     5 |     2 ||     7
       Song of Slaying   |     2 |     1 ||     3
Evoke: Deck              |       |     2 ||     2
  Use: Potion            |       |     1 ||     1
 Stab: Sleeping          |     4 |     1 ||     5
  Eat: Chunk             |     2 |     2 ||     4

Vault maps used:
D:1:      onia_arrival_larder
D:2:      lemuel_coloured_pillars_altar, grunt_decor_one_mirror
D:3:      ecumenical_altar_2, first_bread, uniq_terence
